 Dungeon Crawl Stone Soup version 0.29.1-14-g9c671dbff4 (webtiles) character file.

Game seed: 4080326275945031728

2 Mickster the Poker (level 1, 0/16 HPs)
             Began as a Demigod Wanderer on Feb 20, 2023.
             Slain by a hobgoblin (1 damage)
             ... on level 1 of the Dungeon.
             The game lasted 00:01:00 (72 turns).

Mickster the Poker (Demigod Wanderer)                 Turns: 72, Time: 00:01:00

Health: 0/16       AC:  5    Str: 15    XL:     1   Next: 26%
Magic:  3/3        EV: 10    Int: 12    God:
Gold:   0          SH:  0    Dex: 13    Spells: 0/0 levels left

rFire   . . .      SeeInvis .   a - +2 spear
rCold   . . .      Faith    .   (no shield)
rNeg    . . .      Spirit   .   f - +0 ring mail
rPois   .          Reflect  .   (no helmet)
rElec   .          Harm     .   (no cloak)
rCorr   .          Rampage  .   (no gloves)
Will    .....                   (no boots)
Stlth   +.........              (no amulet)
HPRegen 0.05/turn               (no ring)
MPRegen 0.08/turn               (no ring)

@: no status effects
A: high MP 1, forlorn, divine attributes
a: no special abilities


You were on level 1 of the Dungeon.
You visited 1 branch of the dungeon, and saw 1 of its levels.

Inventory:

Hand Weapons
 a - a +2 spear (weapon)
Missiles
 e - 6 stones
Armour
 d - a +0 leather armour
 f - a +0 ring mail (worn)
Wands
 c - a wand of polymorph (6) (quivered)
Potions
 b - 2 potions of curing


   Skills:
 + Level 1.0 Fighting
 + Level 3.6 Polearms
 + Level 1.9 Armour
 + Level 1.0 Stealth
 + Level 1.7 Evocations


You couldn't memorise any spells.
You didn't know any spells.
Your spell library was empty.

Dungeon Overview and Level Annotations

Branches:
Dungeon (1/15)


Innate Abilities, Weirdness & Mutations

You have an increased reservoir of magic. (+10% MP)
You shall have no god before yourself.
Your divine heritage dramatically boosts your attributes as you level up.


Message History

The endoplasm attacks as you move away!
The endoplasm hits you but does no damage.
You hit the endoplasm.
The endoplasm is moderately wounded.
You barely miss the endoplasm.
The endoplasm is moderately wounded.
The endoplasm barely misses you.
You puncture the endoplasm!
You kill the endoplasm!
You open the door.
A hobgoblin comes into view.
A hobgoblin comes into view.
The hobgoblin shouts!
There is an open door here.
A giant cockroach comes into view.
A ball python comes into view.
There is an open door here.
The ball python hisses angrily.
You hit the hobgoblin.
The hobgoblin is almost dead.
The hobgoblin hits you. x2
There is an open door here.
You hit the hobgoblin.
The hobgoblin is almost dead.
The hobgoblin barely misses you. The hobgoblin hits you.
The giant cockroach closely misses you.
You barely miss the hobgoblin.
The hobgoblin is almost dead.
The giant cockroach barely misses you. The hobgoblin hits you.
The hobgoblin hits you but does no damage.
You hit the hobgoblin.
You kill the hobgoblin!
The giant cockroach bites you but does no damage.
The hobgoblin hits you.
* * * LOW HITPOINT WARNING * * *
You hit the ball python.
The ball python is severely wounded.
The ball python bites you but does no damage.
The ball python barely misses you. The giant cockroach closely misses you.
The hobgoblin hits you.
You die...

#.. #.. #.. #.. +..
....# #.. ##.. ...#
#..###..... ..#
#BS...# #.#
###@#############.##
#...g...........#...
#...............#...
#...................
#...............#...
######..........#...
#..........#...
#..........####
#..........#


You could see a giant cockroach, a hobgoblin and a ball python.

Vanquished Creatures
  An endoplasm (D:1)
  A hobgoblin (D:1)
2 creatures vanquished.

Notes
Turn   | Place    | Note
-------+----------+-------------------------------------------
     0 | D:1      | Mickster the Demigod Wanderer began the quest for the Orb.
     0 | D:1      | Mickster set off with the following items: a +2 spear, 2
                  | potions of curing, a wand of polymorph (6), a +0 leather
                  | armour.
     0 | D:1      | Reached XP level 1. HP: 16/16 MP: 3/3
    72 | D:1      | Slain by a hobgoblin

Illustrated notes

Levels and vault maps discovered:
D:1:      kennysheep_arrival_forest, layout_basic, serial_shops, shop,
          minmay_pentomino_p2

Action                   || total
-------------------------++-------
Melee: Spear             ||     8
Armor: Ring mail         ||     4
Dodge: Dodged            ||     6
